 Dungeon Crawl Stone Soup version 0.28-a0-664-gc179e30c89 (webtiles) character file.

Game seed: 1428966249150965785

263 lawman0 the Digger (level 5, -5/45 HPs)
             Began as a Troll Earth Elementalist on Oct 15, 2021.
             Was a High Priest of Ignis.
             Slain by Terence (10 damage)
             ... on level 2 of the Dungeon.
             The game lasted 00:04:11 (1610 turns).

lawman0 the Digger (Troll Earth Elementalist)       Turns: 1610, Time: 00:04:12

Health: -5/45      AC:  4    Str: 16    XL:     5   Next: 98%
Magic:  7/7        EV: 10    Int: 12    God:    Ignis [*****.]
Gold:   113        SH:  0    Dex: 10    Spells: 5/8 levels left

rFire   + + .      SeeInvis .     - Unarmed
rCold   + + .      Faith    .   (no shield)
rNeg    . . .      Spirit   .   b - +0 robe
rPois   +          Reflect  .   (helmet restricted)
rElec   +          Harm     .   (no cloak)
rCorr   +          Rampage  .   (gloves unavailable)
Will    .....                   (boots unavailable)
Stlth   +.........              (no amulet)
HPRegen 1.15/turn               d - ring of protection from cold
MPRegen 0.10/turn               (no ring)

@: resistant
A: large, unfitting armour, claws 3, regeneration 1, shaggy fur 1, tough skin 1
a: Renounce Religion, Sea of Fire, Foxfire Swarm, Rising Flame


You were on level 2 of the Dungeon.
You worshipped Ignis.
Ignis was extremely pleased with you.
You visited 1 branch of the dungeon, and saw 2 of its levels.

You collected 113 gold pieces.

Inventory:

Missiles
 c - 46 stones
 h - 16 poisoned darts (quivered)
Armour
 b - a +0 robe (worn)
Jewellery
 d - a ring of protection from cold (left claw)
Scrolls
 a - 3 scrolls of teleportation {unknown}
 g - a scroll of identify {unknown}
 i - a scroll of silence {unknown}
 j - a scroll of enchant weapon {unknown}
 l - a scroll of enchant armour {unknown}
Potions
 e - a potion of heal wounds
 f - a potion of magic


   Skills:
 + Level 0.1 Fighting
 + Level 0.4 Throwing
 + Level 1.9 Dodging
 - Level 1.1 Stealth
 * Level 2.2 Unarmed Combat
 + Level 2.0 Spellcasting
 * Level 1.8 Transmutations
 * Level 4.2 Earth Magic


You had 5 spell levels left.
You knew the following spells:

 Your Spells              Type           Power      Damage    Failure   Level
a - Sandblast             Erth           22%        2d7       4%          1
b - Passwall              Tmut/Erth      6%         N/A       12%         2

Your spell library contained the following spells:

 Spells                   Type           Power      Damage    Failure   Level
 Wereblood                Tmut           5%         N/A       19%         2
 Stone Arrow              Conj/Erth      12%        3d7       34%         3
 Sublimation of Blood     Necr           0%         N/A       38%         2
 Petrify                  Tmut/Erth      8%         N/A       61%         4
 Summon Hydra             Summ           0%         N/A       100%        7


Dungeon Overview and Level Annotations

Branches:
Dungeon (2/15)

Altars:
Ignis

Shops:
D:2 (

Annotations:
D:2 Terence


Innate Abilities, Weirdness & Mutations

You are too large for most types of armour.
You have claws for hands.
Your natural rate of healing is unusually fast.
You are covered in fur. (AC +1)
You have tough skin. (AC +1)


Message History

Terence drinks a potion.
Terence goes berserk!
You barely miss Terence.
Terence is moderately wounded.
Terence closely misses you. Terence hits you with a +0 hand axe!
You scratch Terence but do no damage.
Terence is moderately wounded.
Terence hits you with a +0 hand axe!
You closely miss Terence.
Terence is moderately wounded.
Terence barely misses you. Terence hits you with a +0 hand axe!
You are too injured to fight recklessly!
You are too injured to fight recklessly!
You claw Terence!
Terence is heavily wounded.
Terence hits you with a +0 hand axe.
It was a potion of magic.
Magic courses through your body. Terence hits you with a +0 hand axe. x2
It was a potion of heal wounds.
You feel much better. Terence hits you with a +0 hand axe!
You aren't carrying any items that you can evoke.
Okay, then.
It was a potion of resistance.
You feel protected. Terence hits you with a +0 hand axe.
Terence hits you with a +0 hand axe!
You barely miss Terence.
Terence is heavily wounded.
Terence barely misses you.
You scratch Terence.
Terence is severely wounded.
Terence closely misses you. Terence barely misses you.
You barely miss Terence.
Terence is severely wounded.
Terence hits you with a +0 hand axe.
Unknown command.
You scratch Terence.
Terence is almost dead.
Terence hits you with a +0 hand axe!
* * * LOW HITPOINT WARNING * * *
Terence hits you with a +0 hand axe!
You die...

# #.# # #.# #
#.# # # # ##
.###.#
...########
.....#
#....@@..#
.###.#
#..#####.# .#
#..# #.# ## #
#..# #.# #
#.###..### #.#
#
.........###.#
##
#..[.....†.#
.#
#.#..#.#####
.# #....#


You could see Terence (berserk).

Vanquished Creatures
  Sigmund (D:2)
  Natasha (D:2)
  3 adders (D:2)
  2 worms (D:2)
  4 dart slugs
  6 endoplasms
  3 giant cockroaches (D:1)
  4 goblins
  5 hobgoblins
  3 jackals (D:2)
  7 kobolds
  A quokka (D:1)
  4 ball pythons
  3 bats (D:1)
  4 frilled lizards (D:1)
  6 rats
57 creatures vanquished.

Notes
Turn   | Place    | Note
-------+----------+-------------------------------------------
     0 | D:1      | lawman0 the Troll Earth Elementalist began the quest for
                  | the Orb.
     0 | D:1      | Reached XP level 1. HP: 16/16 MP: 1/1
    82 | D:1      | Reached skill level 3 in Earth Magic
    91 | D:1      | Reached XP level 2. HP: 24/24 MP: 0/2
   271 | D:1      | Learned a level 2 spell: Passwall
   380 | D:1      | Reached skill level 1 in Transmutations
   428 | D:1      | Reached XP level 3. HP: 31/31 MP: 3/3
   534 | D:1      | Found a faded altar of an unknown god.
   544 | D:1      | Prayed at the altar of an unknown god.
   544 | D:1      | Became a worshipper of Ignis, the Dying Flame
   545 | D:1      | h
   545 | D:1      | huh
   545 | D:1      | well
   577 | D:1      | fuck it
   884 | D:2      | Noticed Natasha
   892 | D:2      | Killed Natasha
   893 | D:2      | Reached skill level 1 in Unarmed Combat
   952 | D:2      | Reached XP level 4. HP: 39/39 MP: 0/5
  1060 | D:2      | Found Edwocvuki's Antique Weapon Shop.
  1140 | D:2      | Noticed Sigmund
  1148 | D:2      | Killed Sigmund
  1149 | D:2      | Reached skill level 4 in Earth Magic
  1149 | D:2      | Reached XP level 5. HP: 45/45 MP: 3/6
  1595 | D:2      | Noticed Terence
  1610 | D:2      | Slain by Terence

Illustrated notes

.#
#...†...........#
.#
#.####.####.....#
†# #.#
#..........# †#
#.# #.####.....#
.# #.#
#.####....######
.# #.#
#.#..8.8........
.# #.#
#.#.#.......####
.# #.#
#..8...8.8..(...
.# #)#
#.#...@...).####
.# ##.##
#.#8...8.8..# .#
##...##
###...#.....
.###.....#
#8.8#######
.........# ...##
####.....# #####
##...## #####


Turn 545 on D:1: h ##...≈...## #.# #..≈§≈≈≈..# #. .≈≈§○≈§≈§ #. #### ..≈≈≈.. ....
###### ###### #....# (....# #....# ####>#######.##.########
####.........##.@....... .............########### ############## Turn 577 on
D:1: fuck it

Levels and vault maps discovered:
D:1:      shiori_arrival_elements, layout_loops_ring,
          ebering_ecumenical_altar_ruins, minmay_pentomino_w4
D:2:      layout_basic, serial_shops, shop_coins, kennysheep_path_1,
          uniq_sigmund, uniq_natasha, uniq_terence

Skill      XL: |  1  2  3  4  5 |
---------------+----------------+-----
Earth Magic    | 3 4 |  4.2
Transmutations | 1 |  1.8
Unarmed Combat | 1 2 |  2.2
Spellcasting   | 2 |  2.0
Fighting       | |  0.1
Throwing       | |  0.4
Dodging        | |  1.9
Stealth        | |  1.1

Action                   |  1- 3 |  4- 6 || total
-------------------------+-------+-------++-------
Melee: Unarmed           |    59 |    47 ||   106
Throw: Dart              |       |    16 ||    16
 Cast: Sandblast         |    24 |    10 ||    34
  Use: Potion            |       |     3 ||     3
 Stab: Sleeping          |     1 |     2 ||     3
Armor: Robe              |    16 |    15 ||    31
Dodge: Dodged            |    47 |    25 ||    72

Table legend: (Time is in decaauts)
 A = Elapsed time spent in this place.
 B = Non-inter-level travel time spent in this place.
 C = Inter-level travel time spent in this place.
 D = Time resting spent in this place.
 E = Time spent auto-exploring this place.
 F = Levels seen in this place.
 G = Mean time per level.
                   A        B        C        D        E       F      G
               +--------+--------+--------+--------+--------+-----+--------+
         Total |   1606 |   1597 |      9 |     14 |   1225 |   2 |  803.0 |
       Dungeon |   1606 |   1597 |      9 |     14 |   1225 |   2 |  803.0 |
               +--------+--------+--------+--------+--------+-----+--------+

Top non-repeatable levels by time:
     D:1: 883 daAuts
     D:2: 723 daAuts
